Workbook
Name DiffLevelVeryHard: Analysis!$AF$5
Name DiffLevelMedium: Analysis!$AF$3
Name EL_Question: 'Error Log'!$A$2
Name EL_TimeTotal: 'Error Log'!$I$2
Name EL_DifferentLevel: 'Error Log'!$D$2
Name EL_Section: 'Error Log'!$C$2
Name EL_Result: 'Error Log'!$H$2
Name EL_Percentile: 'Error Log'!$E$2
Name DiffLevelHard: Analysis!$AF$4
Name EL_Category: 'Error Log'!$F$2
Name EL_AnswerChoice: 'Error Log'!$G$2
Name DiffLevelEasy: Analysis!$AF$2
Name DiffLevelNA: Analysis!$AF$6
Name OG_2016_PS_Results: PS!$A$3:$H$214

Sheet About
C2: GMAT CLUB - Contributing to Each Other's Learning
B4: ERROR LOG for the Official GMAT Quantitative Review 2021 Edition
B5: NOTE: Go to File > Make Copy or File > Download as to get your own personal copy Use this guide to: - Track your progress through the Official Guide for GMAT QUANTITATIVE Review 2021 ed. - To analyze your mistakes in the Official Guide (Error log and Analysis tabs) - To help find specific practice questions and build your custom practice tests that focus on your weak areas Good Luck on the GMAT! GMAT Club

Sheet PS
A1: GMAT Club Guide to The GMAT Official Guide Quantitative Review 2021
A2: Question | B2: ID | C2: New? | D2: Difficulty | E2: Percentile | F2: OA | G2: Primary Category | H2: Text
A3: 1 | B3: PS03439 | D3: =IF(E3>74%, "Very Hard", IF(E3>49%, "Hard", IF(E3<25%, "Easy", "Medium"))) -> Easy | E3: 0.05 | F3: A | G3: Work/Rate Problems | H3: Working at a constant rate a copy machine makes 20 copies of a one pa
A4: 2 | B4: PS11042 | D4: =IF(E4>74%, "Very Hard", IF(E4>49%, "Hard", IF(E4<25%, "Easy", "Medium"))) -> Easy | E4: 0.05 | F4: D | G4: Algebra | H4: If x y 2 and x 2 y 2 2 what is the value of xy
A5: 3 | B5: PS02978 | D5: =IF(E5>74%, "Very Hard", IF(E5>49%, "Hard", IF(E5<25%, "Easy", "Medium"))) -> Easy | E5: 0.05 | F5: A | G5: Arithmetic | H5: The sum s of the first n consecutive positive even integers is given
A6: 4 | B6: PS08375 | D6: =IF(E6>74%, "Very Hard", IF(E6>49%, "Hard", IF(E6<25%, "Easy", "Medium"))) -> Easy | E6: 0.15 | F6: B | G6: Graphs and Illustrations/Word Problems | H6: A certain harbor has docking stations along its west and south docks
A7: 5 | B7: PS03887 | D7: =IF(E7>74%, "Very Hard", IF(E7>49%, "Hard", IF(E7<25%, "Easy", "Medium"))) -> Easy | E7: 0.05 | F7: D | G7: Arithmetic | H7: 6(87.30 + 0.65) − 5(87.30)
A8: 6 | B8: PS13800 | D8: =IF(E8>74%, "Very Hard", IF(E8>49%, "Hard", IF(E8<25%, "Easy", "Medium"))) -> Easy | E8: 0.05 | F8: E | G8: Arithmetic | H8: Points a b c and d in that order lie on a line if ab 3 cm ac
A9: 7 | B9: PS05292 | D9: =IF(E9>74%, "Very Hard", IF(E9>49%, "Hard", IF(E9<25%, "Easy", "Medium"))) -> Easy | E9: 0.05 | F9: C | G9: Algebra | H9: What is the value of x 2yz xyz 2 if x 2 y 1 and z
A10: 8 | B10: PS11468 | D10: =IF(E10>74%, "Very Hard", IF(E10>49%, "Hard", IF(E10<25%, "Easy", "Medium"))) -> Easy | E10: 0.05 | F10: E | G10: Word Problems | H10: A souvenir vendor purchased 1 000 shirts for a special event at a pric
A11: 9 | B11: PS06937 | D11: =IF(E11>74%, "Very Hard", IF(E11>49%, "Hard", IF(E11<25%, "Easy", "Medium"))) -> Easy | E11: 0.05 | F11: A | G11: Inequalities | H11: If x y and y z which of the following represents the greatest num
A12: 10 | B12: PS12926 | D12: =IF(E12>74%, "Very Hard", IF(E12>49%, "Hard", IF(E12<25%, "Easy", "Medium"))) -> Easy | E12: 0.05 | F12: C | G12: Word Problems | H12: To order certain plants from a catalog it costs 3 00 per plant
A13: 11 | B13: PS00812 | D13: =IF(E13>74%, "Very Hard", IF(E13>49%, "Hard", IF(E13<25%, "Easy", "Medium"))) -> Easy | E13: 0.05 | F13: C | G13: Word Problems | H13: A rug manufacturer produces rugs at a cost of 75 per rug what is the
A14: 12 | B14: PS07793 | D14: =IF(E14>74%, "Very Hard", IF(E14>49%, "Hard", IF(E14<25%, "Easy", "Medium"))) -> Easy | E14: 0.15 | F14: C | G14: Percents and Interest Problems | H14: The value of maureen s investment portfolio has decreased by 5 8 perce
... A38: 36 | B38: PS00918 | D38: =IF(E38>74%, "Very Hard", IF(E38>49%, "Hard", IF(E38<25%, "Easy", "Medium"))) -> Medium | E38: 0.25 | F38: C | G38: Arithmetic | H38: 1 − 0.000001 =
A39: =A38+1 -> 37 | B39: PS57330.02 | C39: New | D39: =IF(E39>74%, "Very Hard", IF(E39>49%, "Hard", IF(E39<25%, "Easy", "Medium"))) -> Easy | E39: 0.05 | F39: A | G39: Word Problems | H39: In a certain history class of 17 juniors and seniors each junior has
A40: =A39+1 -> 38 | B40: PS04362 | D40: =IF(E40>74%, "Very Hard", IF(E40>49%, "Hard", IF(E40<25%, "Easy", "Medium"))) -> Easy | E40: 0.05 | F40: C | G40: Absolute Values/Modulus/Arithmetic | H40: |−4|(|−20|−|5|)=
A41: =A40+1 -> 39 | B41: PS12934 | D41: =IF(E41>74%, "Very Hard", IF(E41>49%, "Hard", IF(E41<25%, "Easy", "Medium"))) -> Easy | E41: 0.05 | F41: C | G41: Word Problems | H41: If the total amount that jill spent on a shopping trip excluding taxe
A42: =A41+1 -> 40 | B42: PS15469 | D42: =IF(E42>74%, "Very Hard", IF(E42>49%, "Hard", IF(E42<25%, "Easy", "Medium"))) -> Easy | E42: 0.05 | F42: E | G42: Inequalities | H42: How many integers x satisfy both 2 x 4 and 0 x
A43: =A42+1 -> 41 | B43: PS09322 | D43: =IF(E43>74%, "Very Hard", IF(E43>49%, "Hard", IF(E43<25%, "Easy", "Medium"))) -> Easy | E43: 0.05 | F43: D | G43: Percents and Interest Problems | H43: At the opening of a trading day at a certain stock exchange the price
A44: =A43+1 -> 42 | B44: PS14237 | D44: =IF(E44>74%, "Very Hard", IF(E44>49%, "Hard", IF(E44<25%, "Easy", "Medium"))) -> Easy | E44: 0.05 | F44: D | G44: Algebra/Word Problems | H44: As shown in the diagram above a lever resting on a fulcrum has weight
A45: =A44+1 -> 43 | B45: PS01650 | D45: =IF(E45>74%, "Very Hard", IF(E45>49%, "Hard", IF(E45<25%, "Easy", "Medium"))) -> Medium | E45: 0.45 | F45: D | G45: Algebra/Exponents/Powers | H45: If r and s are positive integers such that 2 r 4 s 16 then 2r
A46: =A45+1 -> 44 | B46: PS06726 | D46: =IF(E46>74%, "Very Hard", IF(E46>49%, "Hard", IF(E46<25%, "Easy", "Medium"))) -> Easy | E46: 0.05 | F46: A | G46: Word Problems | H46: Three people each contributed x dollars toward the purchase of a car
A47: =A46+1 -> 45 | B47: PS07080 | D47: =IF(E47>74%, "Very Hard", IF(E47>49%, "Hard", IF(E47<25%, "Easy", "Medium"))) -> Easy | E47: 0.05 | F47: B | G47: Word Problems | H47: Last week jack worked 70 hours and earned 1 260 if he earned his re
A48: =A47+1 -> 46 | B48: PS13426 | D48: =IF(E48>74%, "Very Hard", IF(E48>49%, "Hard", IF(E48<25%, "Easy", "Medium"))) -> Easy | E48: 0.15 | F48: C | G48: Exponents/Powers | H48: If a and b are positive integers and 2 a b 23 what is the value
A49: =A48+1 -> 47 | B49: PS01099 | D49: =IF(E49>74%, "Very Hard", IF(E49>49%, "Hard", IF(E49<25%, "Easy", "Medium"))) -> Medium | E49: 0.25 | F49: C | G49: Work/Rate Problems | H49: Five machines at a certain factory operate at the same constant rate
A50: =A49+1 -> 48 | B50: PS01443 | D50: =IF(E50>74%, "Very Hard", IF(E50>49%, "Hard", IF(E50<25%, "Easy", "Medium"))) -> Hard | E50: 0.55 | F50: D | G50: Word Problems | H50: A certain toll station on a highway has 7 tollbooths and each tollboo
A51: =A50+1 -> 49 | B51: PS13829 | D51: =IF(E51>74%, "Very Hard", IF(E51>49%, "Hard", IF(E51<25%, "Easy", "Medium"))) -> Hard | E51: 0.55 | F51: B | G51: Number Properties/Divisibility/Multiples/Factors | H51: How many integers between 1 and 16 inclusive have exactly 3 differen
... A56: =A55+1 -> 54 | B56: PS04971 | D56: =IF(E56>74%, "Very Hard", IF(E56>49%, "Hard", IF(E56<25%, "Easy", "Medium"))) -> Medium | E56: 0.35 | F56: B | G56: Distance/Rate Problems | H56: A certain bridge is 4 024 feet long approximately how many minutes
A57: =A56+1 -> 55 | B57: PS25440.02 | C57: New | D57: =IF(E57>74%, "Very Hard", IF(E57>49%, "Hard", IF(E57<25%, "Easy", "Medium"))) -> Easy | E57: 0.05 | F57: D | G57: Word Problems | H57: A purse contains 57 coins all of which are nickels dimes or quarter
A58: =A57+1 -> 56 | B58: PS12657 | D58: =IF(E58>74%, "Very Hard", IF(E58>49%, "Hard", IF(E58<25%, "Easy", "Medium"))) -> Easy | E58: 0.05 | F58: D | G58: Percents and Interest Problems | H58: The annual interest rate earned by an investment increased by 10 perce
A59: =A58+1 -> 57 | B59: PS07394 | D59: =IF(E59>74%, "Very Hard", IF(E59>49%, "Hard", IF(E59<25%, "Easy", "Medium"))) -> Medium | E59: 0.25 | F59: C | G59: Fractions/Ratios/Decimals/Percents and Interest Problems | H59: A total of 5 liters of gasoline is to be poured into two empty contain
A60: =A59+1 -> 58 | B60: PS13882 | D60: =IF(E60>74%, "Very Hard", IF(E60>49%, "Hard", IF(E60<25%, "Easy", "Medium"))) -> Easy | E60: 0.05 | F60: B | G60: Algebra | H60: What is the larger of the 2 solutions of the equation x 2 4x
A61: =A60+1 -> 59 | B61: PS89821.02 | C61: New | D61: =IF(E61>74%, "Very Hard", IF(E61>49%, "Hard", IF(E61<25%, "Easy", "Medium"))) -> Easy | E61: 0.05 | F61: A | G61: Algebra | H61: In the formula shown if g is a constant and x = 6 when t = 2 what i
A62: =A61+1 -> 60 | B62: PS10921 | D62: =IF(E62>74%, "Very Hard", IF(E62>49%, "Hard", IF(E62<25%, "Easy", "Medium"))) -> Medium | E62: 0.35 | F62: C | G62: Arithmetic | H62: 9 897 0 0096 198 76 is approximately
A63: =A62+1 -> 61 | B63: PS13205 | D63: =IF(E63>74%, "Very Hard", IF(E63>49%, "Hard", IF(E63<25%, "Easy", "Medium"))) -> Easy | E63: 0.05 | F63: A | G63: Geometry | H63: If a square region has area n what is the length of the dia
A64: =A63+1 -> 62 | B64: PS00817 | D64: =IF(E64>74%, "Very Hard", IF(E64>49%, "Hard", IF(E64<25%, "Easy", "Medium"))) -> Easy | E64: 0.15 | F64: C | G64: Number Properties | H64: The prime sum of an integer n greater than 1 is the sum of
A65: =A64+1 -> 63 | B65: PS02256 | D65: =IF(E65>74%, "Very Hard", IF(E65>49%, "Hard", IF(E65<25%, "Easy", "Medium"))) -> Medium | E65: 0.45 | F65: A | G65: Percents and Interest Problems/Word Problems | H65: A machine at a toy factory assembles a certain kind of toy at a co
A66: =A65+1 -> 64 | B66: PS10339 | D66: =IF(E66>74%, "Very Hard", IF(E66>49%, "Hard", IF(E66<25%, "Easy", "Medium"))) -> Easy | E66: 0.05 | F66: D | G66: Percents and Interest Problems | H66: When a subscription to a new magazine was purchased for m months the
A67: =A66+1 -> 65 | B67: PS10422 | D67: =IF(E67>74%, "Very Hard", IF(E67>49%, "Hard", IF(E67<25%, "Easy", "Medium"))) -> Easy | E67: 0.15 | F67: B | G67: Word Problems | H67: At a garage sale all of the prices of the items sold were d
A68: =A67+1 -> 66 | B68: PS11738 | D68: =IF(E68>74%, "Very Hard", IF(E68>49%, "Hard", IF(E68<25%, "Easy", "Medium"))) -> Medium | E68: 0.25 | F68: E | G68: Word Problems | H68: Half of a large pizza is cut into 4 equal sized pieces and the other
A69: =A68+1 -> 67 | B69: PS14293 | D69: =IF(E69>74%, "Very Hard", IF(E69>49%, "Hard", IF(E69<25%, "Easy", "Medium"))) -> Medium | E69: 0.35 | F69: B | G69: Algebra/Arithmetic | H69: If a 1 1 4 1 16 1 64 and b 1 1 4a then what is the value
A70: =A69+1 -> 68 | B70: PS10174 | D70: =IF(E70>74%, "Very Hard", IF(E70>49%, "Hard", IF(E70<25%, "Easy", "Medium"))) -> Medium | E70: 0.45 | F70: E | G70: Arithmetic/Word Problems | H70: In a certain learning experiment each participant had three trials an
A71: =A70+1 -> 69 | B71: PS00111 | D71: =IF(E71>74%, "Very Hard", IF(E71>49%, "Hard", IF(E71<25%, "Easy", "Medium"))) -> Easy | E71: 0.05 | F71: D | G71: Remainders/Functions and Custom Characters | H71: Or all positive integers m and v the expression m v represents the
A72: =A71+1 -> 70 | B72: PS13841 | D72: =IF(E72>74%, "Very Hard", IF(E72>49%, "Hard", IF(E72<25%, "Easy", "Medium"))) -> Medium | E72: 0.25 | F72: B | G72: Graphs and Illustrations/Word Problems | H72: The chart above shows year end values for darnella s investments for
A73: =A72+1 -> 71 | B73: PS05775 | D73: =IF(E73>74%, "Very Hard", IF(E73>49%, "Hard", IF(E73<25%, "Easy", "Medium"))) -> Easy | E73: 0.05 | F73: C | G73: Fractions/Ratios/Decimals | H73: If the sum of the reciprocals of two consecutive odd integers
A74: =A73+1 -> 72 | B74: PS05916 | D74: =IF(E74>74%, "Very Hard", IF(E74>49%, "Hard", IF(E74<25%, "Easy", "Medium"))) -> Easy | E74: 0.15 | F74: A | G74: Number Properties/Arithmetic | H74: What is the sum of odd integers from 35 to 85 inclusive
A75: =A74+1 -> 73 | B75: PS21080.02 | C75: New | D75: =IF(E75>74%, "Very Hard", IF(E75>49%, "Hard", IF(E75<25%, "Easy", "Medium"))) -> Easy | E75: 0.15 | F75: E | G75: Functions and Custom Characters | H75: For all numbers a b c and d is defined by the equation Which of
A76: =A75+1 -> 74 | B76: PS00777 | D76: =IF(E76>74%, "Very Hard", IF(E76>49%, "Hard", IF(E76<25%, "Easy", "Medium"))) -> Medium | E76: 0.45 | F76: C | G76: Fractions/Ratios/Decimals/Inequalities/Sequences | H76: In a certain sequence each term after the first term is one half the
A77: =A76+1 -> 75 | B77: PS04765 | D77: =IF(E77>74%, "Very Hard", IF(E77>49%, "Hard", IF(E77<25%, "Easy", "Medium"))) -> Medium | E77: 0.35 | F77: C | G77: Word Problems/Statistics and Sets Problems/Sequences | H77: A certain drive in movie theater has total of 17 rows of parking space
A78: =A77+1 -> 76 | B78: PS10810 | D78: =IF(E78>74%, "Very Hard", IF(E78>49%, "Hard", IF(E78<25%, "Easy", "Medium"))) -> Medium | E78: 0.45 | F78: D | G78: Statistics and Sets Problems | H78: Ada and paul received their scores on three tests on the fi
A79: =A78+1 -> 77 | B79: PS06180 | D79: =IF(E79>74%, "Very Hard", IF(E79>49%, "Hard", IF(E79<25%, "Easy", "Medium"))) -> Easy | E79: 0.05 | F79: B | G79: Fractions/Ratios/Decimals | H79: The price of a certain stock increased by 0 25 of 1 percent on a
A80: =A79+1 -> 78 | B80: PS03831 | D80: =IF(E80>74%, "Very Hard", IF(E80>49%, "Hard", IF(E80<25%, "Easy", "Medium"))) -> Hard | E80: 0.65 | F80: C | G80: Word Problems | H80: For each trip a taxicab company charges 4 25 for the first mile and
A81: =A80+1 -> 79 | B81: PS12857 | D81: =IF(E81>74%, "Very Hard", IF(E81>49%, "Hard", IF(E81<25%, "Easy", "Medium"))) -> Hard | E81: 0.55 | F81: D | G81: Divisibility/Multiples/Factors/Number Properties/Remainders | H81: When 24 is divided by the positive integer n the remainder is 4 whic
A82: =A81+1 -> 80 | B82: PS80871.02 | C82: New | D82: =IF(E82>74%, "Very Hard", IF(E82>49%, "Hard", IF(E82<25%, "Easy", "Medium"))) -> Medium | E82: 0.25 | F82: B | G82: Min/Max Problems/Word Problems | H82: Terry needs to purchase some pipe for a plumbing job that requires pip
A83: =A82+1 -> 81 | B83: PS12759 | D83: =IF(E83>74%, "Very Hard", IF(E83>49%, "Hard", IF(E83<25%, "Easy", "Medium"))) -> Easy | E83: 0.15 | F83: A | G83: Fractions/Ratios/Decimals | H83: What is the thousandths digit in the decimal equivalent of
A84: =A83+1 -> 82 | B84: PS67502.01 | D84: =IF(E84>74%, "Very Hard", IF(E84>49%, "Hard", IF(E84<25%, "Easy", "Medium"))) -> Easy | E84: 0.15 | F84: A | G84: Algebra | H84: If 1 2 the result obtained when 2 is subtracted from 5x is equal to th
A85: =A84+1 -> 83 | B85: PS48502.01 | D85: =IF(E85>74%, "Very Hard", IF(E85>49%, "Hard", IF(E85<25%, "Easy", "Medium"))) -> Easy | E85: 0.15 | F85: E | G85: Coordinate Geometery | H85: In a rectangular coordinate system straight line k passes through poi
A86: =A85+1 -> 84 | B86: PS87502.01 | D86: =IF(E86>74%, "Very Hard", IF(E86>49%, "Hard", IF(E86<25%, "Easy", "Medium"))) -> Medium | E86: 0.35 | F86: A | G86: Distance/Rate Problems | H86: If car a took n hours to travel 2 miles and car b took m hours to trav
A87: =A86+1 -> 85 | B87: PS78502.01 | D87: =IF(E87>74%, "Very Hard", IF(E87>49%, "Hard", IF(E87<25%, "Easy", "Medium"))) -> Medium | E87: 0.35 | F87: B | G87: Algebra/Arithmetic | H87: If x y and k are positive and x is less than y then x k y k
A88: =A87+1 -> 86 | B88: PS09502.01 | D88: =IF(E88>74%, "Very Hard", IF(E88>49%, "Hard", IF(E88<25%, "Easy", "Medium"))) -> Easy | E88: 0.15 | F88: A | G88: Algebra/Inequalities | H88: Consider the following set of inequalities p q s r q t s p
A89: =A88+1 -> 87 | B89: PS68502.01 | D89: =IF(E89>74%, "Very Hard", IF(E89>49%, "Hard", IF(E89<25%, "Easy", "Medium"))) -> Easy | E89: 0.05 | F89: E | G89: Distance/Rate Problems | H89: Carl averaged 2m miles per hour on a trip that took him h hours if ru
A90: =A89+1 -> 88 | B90: PS29502.01 | D90: =IF(E90>74%, "Very Hard", IF(E90>49%, "Hard", IF(E90<25%, "Easy", "Medium"))) -> Very Hard | E90: 0.95 | F90: E | G90: Overlapping Sets | H90: Of three persons two take relish two take pepper and two take salt
A91: =A90+1 -> 89 | B91: PS88502.01 | D91: =IF(E91>74%, "Very Hard", IF(E91>49%, "Hard", IF(E91<25%, "Easy", "Medium"))) -> Medium | E91: 0.35 | F91: D | G91: Geometry | H91: If a rectangle of area 24 can be partitioned into exactly 3 nonoverlap
A92: =A91+1 -> 90 | B92: PS50602.01 | D92: =IF(E92>74%, "Very Hard", IF(E92>49%, "Hard", IF(E92<25%, "Easy", "Medium"))) -> Medium | E92: 0.25 | F92: D | G92: Geometry | H92: In the figure above the area of the parallelogram is 294399.ht
A93: =A92+1 -> 91 | B93: PS91602.01 | D93: =IF(E93>74%, "Very Hard", IF(E93>49%, "Hard", IF(E93<25%, "Easy", "Medium"))) -> Hard | E93: 0.55 | F93: C | G93: Divisibility/Multiple/Factors | H93: If the smaller of 2 consecutive odd integers is a multiple of 5 which
A94: =A93+1 -> 92 | B94: PS73602.01 | D94: =IF(E94>74%, "Very Hard", IF(E94>49%, "Hard", IF(E94<25%, "Easy", "Medium"))) -> Medium | E94: 0.25 | F94: B | G94: Geometry | H94: In the figure above if triangles abc acd and ade are isosceles righ
... A109: =A108+1 -> 107 | B109: PS56602.01 | D109: =IF(E109>74%, "Very Hard", IF(E109>49%, "Hard", IF(E109<25%, "Easy", "Medium"))) -> Medium | E109: 0.45 | F109: D | G109: Word Problems | H109: Eight light bulbs numbered 1 through 8 are arranged in a circle as sho
A110: =A109+1 -> 108 | B110: PS28580.02 | C110: New | D110: =IF(E110>74%, "Very Hard", IF(E110>49%, "Hard", IF(E110<25%, "Easy", "Medium"))) -> Very Hard | E110: 35 | F110: D | G110: Word Problems | H110: A certain financial analyst defines the volatility of a stock during
A111: =A110+1 -> 109 | B111: PS29580.02 | C111: New | D111: =IF(E111>74%, "Very Hard", IF(E111>49%, "Hard", IF(E111<25%, "Easy", "Medium"))) -> Very Hard | E111: 0.75 | F111: E | G111: Absolute Values/Modulus/Min/Max Problems | H111: If y = |3x - 5|/(-x^2 - 3) for what value of x will the value of y be
A112: =A111+1 -> 110 | B112: PS22680.02 | C112: New | D112: =IF(E112>74%, "Very Hard", IF(E112>49%, "Hard", IF(E112<25%, "Easy", "Medium"))) -> Hard | E112: 0.55 | F112: D | G112: Inequalities | H112: What values of x have a corresponding value of y that satisfies both x
A113: =A112+1 -> 111 | B113: PS17680.02 | C113: New | D113: =IF(E113>74%, "Very Hard", IF(E113>49%, "Hard", IF(E113<25%, "Easy", "Medium"))) -> Hard | E113: 0.55 | F113: E | G113: Word Problems | H113: Employee X's annual salary is $12000 more than half of Employee Y's
A114: =A113+1 -> 112 | B114: PS27680.02 | C114: New | D114: =IF(E114>74%, "Very Hard", IF(E114>49%, "Hard", IF(E114<25%, "Easy", "Medium"))) -> Easy | E114: 0.15 | F114: D | G114: Word Problems | H114: The formula above gives the contribution C in dollars to a certain
A115: =A114+1 -> 113 | B115: PS39680.02 | C115: New | D115: =IF(E115>74%, "Very Hard", IF(E115>49%, "Hard", IF(E115<25%, "Easy", "Medium"))) -> Easy | E115: 0.15 | F115: E | G115: Fractions/Ratios/Decimals/Word Problems | H115: Next month Ron and Cathy will each begin working part-time at 3/5 of
A116: =A115+1 -> 114 | B116: PS84780.02 | C116: New | D116: =IF(E116>74%, "Very Hard", IF(E116>49%, "Hard", IF(E116<25%, "Easy", "Medium"))) -> Medium | E116: 0.45 | F116: E | G116: Word Problems | H116: David and Ron are ordering food for a business lunch. David thinks tha
A117: =A116+1 -> 115 | B117: PS34880.02 | C117: New | D117: =IF(E117>74%, "Very Hard", IF(E117>49%, "Hard", IF(E117<25%, "Easy", "Medium"))) -> Easy | E117: 0.05 | F117: E | G117: Word Problems | H117: The cost of purchasing each box of candy from a certain mail order cat
A118: =A117+1 -> 116 | B118: PS16980.02 | C118: New | D118: =IF(E118>74%, "Very Hard", IF(E118>49%, "Hard", IF(E118<25%, "Easy", "Medium"))) -> Easy | E118: 0.15 | F118: C | G118: Algebra | H118: If x -1/2 then (6x^3 + 3x^2 - 8x - 4)/(2x + 1) =
A119: =A118+1 -> 117 | B119: PS29980.02 | C119: New | D119: =IF(E119>74%, "Very Hard", IF(E119>49%, "Hard", IF(E119<25%, "Easy", "Medium"))) -> Easy | E119: 0.15 | F119: C | G119: Algebra/Number Properties/Roots | H119: If x^2 + bx + 5 = (x + c)^2 for all numbers x where b and c are posit
A120: =A119+1 -> 118 | B120: PS08090.02 | C120: New | D120: =IF(E120>74%, "Very Hard", IF(E120>49%, "Hard", IF(E120<25%, "Easy", "Medium"))) -> Very Hard | E120: 0.95 | F120: A | G120: Word Problems | H120: Last year Shannon listened to a certain public radio station 10 hours
A121: =A120+1 -> 119 | B121: PS97190.02 | C121: New | D121: =IF(E121>74%, "Very Hard", IF(E121>49%, "Hard", IF(E121<25%, "Easy", "Medium"))) -> Medium | E121: 0.45 | F121: D | G121: Word Problems | H121: Each of the 20 employees at Company J is to receive an end-of-year bon
... A124: =A123+1 -> 122 | B124: PS67941.02 | C124: New | D124: =IF(E124>74%, "Very Hard", IF(E124>49%, "Hard", IF(E124<25%, "Easy", "Medium"))) -> Easy | E124: 0.05 | F124: A | G124: Word Problems | H124: An aerosol can is designed so that its bursting pressure B in pounds
A125: =A124+1 -> 123 | B125: PS00986 | D125: =IF(E125>74%, "Very Hard", IF(E125>49%, "Hard", IF(E125<25%, "Easy", "Medium"))) -> Medium | E125: 0.25 | F125: B | G125: Min/Max Problems/Set and statistics problems | H125: The average arithmetic mean of the positive integers x y and z is
A126: =A125+1 -> 124 | B126: PS14087 | D126: =IF(E126>74%, "Very Hard", IF(E126>49%, "Hard", IF(E126<25%, "Easy", "Medium"))) -> Hard | E126: 0.55 | F126: D | G126: Number Properties | H126: The product of 3 305 and the 1 digit integer x is a 5 digit integer th
A127: =A126+1 -> 125 | B127: PS07001 | D127: =IF(E127>74%, "Very Hard", IF(E127>49%, "Hard", IF(E127<25%, "Easy", "Medium"))) -> Medium | E127: 0.25 | F127: B | G127: Algebra | H127: If x and y are integers such that 2 x 8 and 2 y 9 what is the
A128: =A127+1 -> 126 | B128: PS01875 | D128: =IF(E128>74%, "Very Hard", IF(E128>49%, "Hard", IF(E128<25%, "Easy", "Medium"))) -> Medium | E128: 0.25 | F128: C | G128: Word Problems | H128: Items that are purchased together at a certain discount store are pric
A129: =A128+1 -> 127 | B129: PS00774 | D129: =IF(E129>74%, "Very Hard", IF(E129>49%, "Hard", IF(E129<25%, "Easy", "Medium"))) -> Medium | E129: 0.25 | F129: A | G129: Exponents/Powers - Arithmetic | H129: What is the least integer z for which
A130: =A129+1 -> 128 | B130: PS08407 | D130: =IF(E130>74%, "Very Hard", IF(E130>49%, "Hard", IF(E130<25%, "Easy", "Medium"))) -> Easy | E130: 0.15 | F130: B | G130: Set and statistics problems | H130: The average arithmetic mean length per film for a group of 21 films
A131: =A130+1 -> 129 | B131: PS08051 | D131: =IF(E131>74%, "Very Hard", IF(E131>49%, "Hard", IF(E131<25%, "Easy", "Medium"))) -> Hard | E131: 0.55 | F131: E | G131: Geometry | H131: An open box in the shape of a cube measuring 50 centimeters on each si
A132: =A131+1 -> 130 | B132: PS03614 | D132: =IF(E132>74%, "Very Hard", IF(E132>49%, "Hard", IF(E132<25%, "Easy", "Medium"))) -> Hard | E132: 0.55 | F132: B | G132: Word Problems | H132: A garden center sells a certain grass seed in 5 pound bags at
A133: =A132+1 -> 131 | B133: PS12785 | D133: =IF(E133>74%, "Very Hard", IF(E133>49%, "Hard", IF(E133<25%, "Easy", "Medium"))) -> Easy | E133: 0.15 | F133: D | G133: Absolute Values/Modulus/Algebra | H133: If x w which of the following must be true
A134: =A133+1 -> 132 | B134: PS04160 | D134: =IF(E134>74%, "Very Hard", IF(E134>49%, "Hard", IF(E134<25%, "Easy", "Medium"))) -> Hard | E134: 0.65 | F134: E | G134: Percents and Interest Problems | H134: A certain financial institution reported that its assets totaled
A135: =A134+1 -> 133 | B135: PS09820 | D135: =IF(E135>74%, "Very Hard", IF(E135>49%, "Hard", IF(E135<25%, "Easy", "Medium"))) -> Easy | E135: 0.15 | F135: E | G135: Arithmetic | H135: In the correctly worked addition problem shown where the
A136: =A135+1 -> 134 | B136: PS14060 | D136: =IF(E136>74%, "Very Hard", IF(E136>49%, "Hard", IF(E136<25%, "Easy", "Medium"))) -> Medium | E136: 0.25 | F136: B | G136: Coordinate Geometry/Geometry | H136: Planning is in progress for a fenced rectangular playground with an a
A137: =A136+1 -> 135 | B137: PS89670.02 | C137: New | D137: =IF(E137>74%, "Very Hard", IF(E137>49%, "Hard", IF(E137<25%, "Easy", "Medium"))) -> Easy | E137: 0.15 | F137: C | G137: Word Problems | H137: The hard drive monitor and printer for a certain desktop computer sy
A138: =A137+1 -> 136 | B138: PS06913 | D138: =IF(E138>74%, "Very Hard", IF(E138>49%, "Hard", IF(E138<25%, "Easy", "Medium"))) -> Hard | E138: 0.55 | F138: E | G138: Absolute Values/Modulus/Inequalities | H138: Given the inequalities above which of the following cannot be
A139: =A138+1 -> 137 | B139: PS11647 | D139: =IF(E139>74%, "Very Hard", IF(E139>49%, "Hard", IF(E139<25%, "Easy", "Medium"))) -> Medium | E139: 0.35 | F139: B | G139: Number Properties | H139: If m is an even integer v is an odd integer and m v 0 which of
A140: =A139+1 -> 138 | B140: PS02378 | D140: =IF(E140>74%, "Very Hard", IF(E140>49%, "Hard", IF(E140<25%, "Easy", "Medium"))) -> Medium | E140: 0.35 | F140: E | G140: Divisibility/Multiples/Factors | H140: A positive integer is divisible by 9 if and only if the sum of its
A141: =A140+1 -> 139 | B141: PS17806 | D141: =IF(E141>74%, "Very Hard", IF(E141>49%, "Hard", IF(E141<25%, "Easy", "Medium"))) -> Medium | E141: 0.25 | F141: C | G141: Geometry | H141: The perimeter of rectangle a is 200 meters the length of rectangle b
A142: =A141+1 -> 140 | B142: PS08598 | D142: =IF(E142>74%, "Very Hard", IF(E142>49%, "Hard", IF(E142<25%, "Easy", "Medium"))) -> Easy | E142: 0.05 | F142: E | G142: Inequalities | H142: In the number line the shaded interval is the graph of which of the
A143: =A142+1 -> 141 | B143: PS12450 | D143: =IF(E143>74%, "Very Hard", IF(E143>49%, "Hard", IF(E143<25%, "Easy", "Medium"))) -> Hard | E143: 0.55 | F143: D | G143: Statistics and Sets Problems | H143: Last year members of a certain professional organization for teachers
...

Sheet DS
A1: GMAT Club Guide to The GMAT Official Guide Quantitative Review 2021
A2: Question | B2: ID | C2: New? | D2: Difficulty | E2: Percentile | F2: OA | G2: Primary Category
A3: 213 | B3: DS05149 | D3: =IF(E3>74%, "Very Hard", IF(E3>49%, "Hard", IF(E3<25%, "Easy", "Medium"))) -> Easy | E3: 0.05 | F3: D | G3: Algebra | H3: Dees 2x 8 12 1 2x 10 14 2 3x
A4: =A3+1 -> 214 | B4: DS96720.02 | C4: New | D4: =IF(E4>74%, "Very Hard", IF(E4>49%, "Hard", IF(E4<25%, "Easy", "Medium"))) -> Easy | E4: 0.05 | F4: C | G4: Fractions/Ratios/Decimals/Word Problems | H4: Each car at a certain dealership is either blue or white. What is the
A5: =A4+1 -> 215 | B5: DS01503 | D5: =IF(E5>74%, "Very Hard", IF(E5>49%, "Hard", IF(E5<25%, "Easy", "Medium"))) -> Easy | E5: 0.05 | F5: E | G5: Sequences | H5: If m is a set of consecutive even integers is 0 in set m
A6: =A5+1 -> 216 | B6: DS35330.02 | C6: New | D6: =IF(E6>74%, "Very Hard", IF(E6>49%, "Hard", IF(E6<25%, "Easy", "Medium"))) -> Easy | E6: 0.05 | F6: C | G6: Probability | H6: A box contains only white balls and black balls. What is the probabili
A7: =A6+1 -> 217 | B7: DS15510 | D7: =IF(E7>74%, "Very Hard", IF(E7>49%, "Hard", IF(E7<25%, "Easy", "Medium"))) -> Easy | E7: 0.05 | F7: A | G7: Algebra/Word Problems | H7: Rita's monthly salary is 2 3 juanita s monthly salary what is their
A8: =A7+1 -> 218 | B8: DS37130.02 | C8: New | D8: =IF(E8>74%, "Very Hard", IF(E8>49%, "Hard", IF(E8<25%, "Easy", "Medium"))) -> Easy | E8: 0.05 | F8: C | G8: Word Problems | H8: Each of the 120 students in a certain dormitory is either a junior or
A9: =A8+1 -> 219 | B9: DS13384 | D9: =IF(E9>74%, "Very Hard", IF(E9>49%, "Hard", IF(E9<25%, "Easy", "Medium"))) -> Easy | E9: 0.05 | F9: E | G9: Number Properties | H9: What is the value of the integer x
A10: =A9+1 -> 220 | B10: DS04644 | D10: =IF(E10>74%, "Very Hard", IF(E10>49%, "Hard", IF(E10<25%, "Easy", "Medium"))) -> Easy | E10: 0.05 | F10: D | G10: Inequalities | H10: Is 2x > 2y (1) x>y (2) 3x>3y
A11: =A10+1 -> 221 | B11: DS38720.02 | C11: New | D11: =IF(E11>74%, "Very Hard", IF(E11>49%, "Hard", IF(E11<25%, "Easy", "Medium"))) -> Easy | E11: 0.05 | F11: A | G11: Word Problems | H11: If the average (arithmetic mean) cost per sweater for 3 pullover sweat
A12: =A11+1 -> 222 | B12: DS04636 | D12: =IF(E12>74%, "Very Hard", IF(E12>49%, "Hard", IF(E12<25%, "Easy", "Medium"))) -> Easy | E12: 0.05 | F12: E | G12: Inequalities | H12: If p and q are positive is p q less than
A13: =A12+1 -> 223 | B13: DS02779 | D13: =IF(E13>74%, "Very Hard", IF(E13>49%, "Hard", IF(E13<25%, "Easy", "Medium"))) -> Easy | E13: 0.15 | F13: B | G13: Word Problems | H13: In each quarter of 1998 company m earned more money than in the previ
A14: =A13+1 -> 224 | B14: DS69610.02 | C14: New | D14: =IF(E14>74%, "Very Hard", IF(E14>49%, "Hard", IF(E14<25%, "Easy", "Medium"))) -> Easy | E14: 0.05 | F14: E | G14: Statistics and Sets Problems/Word Problems | H14: The range of the heights of a group of high school juniors and seniors
A15: =A14+1 -> 225 | B15: DS04510 | D15: =IF(E15>74%, "Very Hard", IF(E15>49%, "Hard", IF(E15<25%, "Easy", "Medium"))) -> Easy | E15: 0.05 | F15: A | G15: Word Problems | H15: In a certain factory hours worked by each employee in excess of
A16: =A15+1 -> 226 | B16: DS01104 | D16: =IF(E16>74%, "Very Hard", IF(E16>49%, "Hard", IF(E16<25%, "Easy", "Medium"))) -> Easy | E16: 0.05 | F16: D | G16: Number Properties | H16: Is the integer p even 1 the integer p 2 1 is odd 2 the integer
A17: =A16+1 -> 227 | B17: DS05172 | D17: =IF(E17>74%, "Very Hard", IF(E17>49%, "Hard", IF(E17<25%, "Easy", "Medium"))) -> Easy | E17: 0.15 | F17: D | G17: Algebra | H17: If x 0 what is the value of x 5 1 x 1 2 32 2 x
A18: =A17+1 -> 228 | B18: DS17640 | D18: =IF(E18>74%, "Very Hard", IF(E18>49%, "Hard", IF(E18<25%, "Easy", "Medium"))) -> Medium | E18: 0.25 | F18: C | G18: Geometry | H18: In the quilting pattern shown above a small square has its vertices o
A19: =A18+1 -> 229 | B19: DS02589 | D19: =IF(E19>74%, "Very Hard", IF(E19>49%, "Hard", IF(E19<25%, "Easy", "Medium"))) -> Easy | E19: 0.15 | F19: E | G19: Percent and Interest Problems | H19: Did insurance company k have more than 300 million in total net profi
A20: =A19+1 -> 230 | B20: DS15349 | D20: =IF(E20>74%, "Very Hard", IF(E20>49%, "Hard", IF(E20<25%, "Easy", "Medium"))) -> Medium | E20: 0.45 | F20: E | G20: Work/Rate Problems | H20: How many hours would it take pump a and pump b working together each
A21: =A20+1 -> 231 | B21: DS04573 | D21: =IF(E21>74%, "Very Hard", IF(E21>49%, "Hard", IF(E21<25%, "Easy", "Medium"))) -> Easy | E21: 0.05 | F21: D | G21: Inequalities | H21: What is the value of the integer n
A22: =A21+1 -> 232 | B22: DS12033 | D22: =IF(E22>74%, "Very Hard", IF(E22>49%, "Hard", IF(E22<25%, "Easy", "Medium"))) -> Easy | E22: 0.15 | F22: E | G22: Algebra/Inequalities | H22: Is zw positive
A23: =A22+1 -> 233 | B23: DS03006 | D23: =IF(E23>74%, "Very Hard", IF(E23>49%, "Hard", IF(E23<25%, "Easy", "Medium"))) -> Easy | E23: 0.15 | F23: D | G23: Fractions/Ratios/Decimals/Geometry | H23: In the scale drawing of a certain house plan if 1 centimeter represent
A24: =A23+1 -> 234 | B24: DS23820.02 | C24: New | D24: =IF(E24>74%, "Very Hard", IF(E24>49%, "Hard", IF(E24<25%, "Easy", "Medium"))) -> Medium | E24: 0.35 | F24: B | G24: Distance/Rate Problems | H24: Maria left home 1/4 hour after her husband and drove over the same rou
A25: =A24+1 -> 235 | B25: DS03939 | D25: =IF(E25>74%, "Very Hard", IF(E25>49%, "Hard", IF(E25<25%, "Easy", "Medium"))) -> Easy | E25: 0.15 | F25: C | G25: Coordinate Geometry | H25: In the rectangular coordinate system above if opq and qrs have equa
A26: =A25+1 -> 236 | B26: DS07258 | D26: =IF(E26>74%, "Very Hard", IF(E26>49%, "Hard", IF(E26<25%, "Easy", "Medium"))) -> Medium | E26: 0.45 | F26: E | G26: Word Problems | H26: In a school that had a total of 600 students enrolled in the junior an
A27: =A26+1 -> 237 | B27: DS06650 | D27: =IF(E27>74%, "Very Hard", IF(E27>49%, "Hard", IF(E27<25%, "Easy", "Medium"))) -> Easy | E27: 0.05 | F27: B | G27: Percent and Interest Problems | H27: How much did credit card fraud cost united states banks in year x to
A28: =A27+1 -> 238 | B28: DS17319 | D28: =IF(E28>74%, "Very Hard", IF(E28>49%, "Hard", IF(E28<25%, "Easy", "Medium"))) -> Easy | E28: 0.05 | F28: D | G28: Number Properties | H28: Is the positive integer n odd
A29: =A28+1 -> 239 | B29: DS01130 | D29: =IF(E29>74%, "Very Hard", IF(E29>49%, "Hard", IF(E29<25%, "Easy", "Medium"))) -> Medium | E29: 0.35 | F29: D | G29: Coordinate Geometry | H29: In the xy plane circle c has center 1 0 and radius 2 if line k is
A30: =A29+1 -> 240 | B30: DS14170 | D30: =IF(E30>74%, "Very Hard", IF(E30>49%, "Hard", IF(E30<25%, "Easy", "Medium"))) -> Medium | E30: 0.35 | F30: C | G30: Percent and Interest Problems/Word Problems | H30: Company x s profits this year increased by 25 over last year s profit
A31: =A30+1 -> 241 | B31: DS87910.02 | C31: New | D31: =IF(E31>74%, "Very Hard", IF(E31>49%, "Hard", IF(E31<25%, "Easy", "Medium"))) -> Medium | E31: 0.45 | F31: B | G31: Statistics and Sets Problems/Word Problems | H31: A certain company consists of three divisions A B and C. Of the emp
A32: =A31+1 -> 242 | B32: DS09385 | D32: =IF(E32>74%, "Very Hard", IF(E32>49%, "Hard", IF(E32<25%, "Easy", "Medium"))) -> Easy | E32: 0.05 | F32: D | G32: Functions and Custom Characters | H32: For all x the expression x is defined to be ax a where a is
A33: =A32+1 -> 243 | B33: DS09260 | D33: =IF(E33>74%, "Very Hard", IF(E33>49%, "Hard", IF(E33<25%, "Easy", "Medium"))) -> Easy | E33: 0.05 | F33: C | G33: Inequalities | H33: Is k m 0 1 k 0 2 km
A34: =A33+1 -> 244 | B34: DS08352 | D34: =IF(E34>74%, "Very Hard", IF(E34>49%, "Hard", IF(E34<25%, "Easy", "Medium"))) -> Medium | E34: 0.25 | F34: D | G34: Functions and Custom Characters | H34: The symbol represents which one of the following operations additio
A35: =A34+1 -> 245 | B35: DS05989 | D35: =IF(E35>74%, "Very Hard", IF(E35>49%, "Hard", IF(E35<25%, "Easy", "Medium"))) -> Hard | E35: 0.55 | F35: B | G35: Exponents/Powers | H35: What is the value of 2 x 2 x 1 x 0 2 4 x 4 x
A36: =A35+1 -> 246 | B36: DS13457 | D36: =IF(E36>74%, "Very Hard", IF(E36>49%, "Hard", IF(E36<25%, "Easy", "Medium"))) -> Easy | E36: 0.15 | F36: A | G36: Fractions/Ratios/Decimals | H36: What is the ratio of c to d
A37: =A36+1 -> 247 | B37: DS15099 | D37: =IF(E37>74%, "Very Hard", IF(E37>49%, "Hard", IF(E37<25%, "Easy", "Medium"))) -> Medium | E37: 0.35 | F37: C | G37: Functions and Custom Characters/Word Problems | H37: A candle company determines that for a certain specialty candle the
A38: =A37+1 -> 248 | B38: DS40410.02 | C38: New | D38: =IF(E38>74%, "Very Hard", IF(E38>49%, "Hard", IF(E38<25%, "Easy", "Medium"))) -> Easy | E38: 0.05 | F38: A | G38: Statistics and Sets Problems/Word Problems | H38: A certain ski shop sold 125 pairs of skis and 100 pairs of ski boots
A39: =A38+1 -> 249 | B39: DS93510.02 | C39: New | D39: =IF(E39>74%, "Very Hard", IF(E39>49%, "Hard", IF(E39<25%, "Easy", "Medium"))) -> Very Hard | E39: 0.85 | F39: E | G39: Statistics and Sets Problems | H39: Is the standard deviation of the numbers in list R less than the stand
A40: =A39+1 -> 250 | B40: DS96502.01 | D40: =IF(E40>74%, "Very Hard", IF(E40>49%, "Hard", IF(E40<25%, "Easy", "Medium"))) -> Easy | E40: 0.05 | F40: C | G40: Geometry | H40: Is the length of rectangular field f greater than the length of rectan
A41: =A40+1 -> 251 | B41: DS17502.01 | D41: =IF(E41>74%, "Very Hard", IF(E41>49%, "Hard", IF(E41<25%, "Easy", "Medium"))) -> Medium | E41: 0.25 | F41: D | G41: Geometry | H41: In the figure above is the area of triangular region ade equal to the
A42: =A41+1 -> 252 | B42: DS97502.01 | D42: =IF(E42>74%, "Very Hard", IF(E42>49%, "Hard", IF(E42<25%, "Easy", "Medium"))) -> Easy | E42: 0.05 | F42: C | G42: Word Problems | H42: Last year publisher x published 1 100 books consisting of first editi
A43: =A42+1 -> 253 | B43: DS89502.01 | D43: =IF(E43>74%, "Very Hard", IF(E43>49%, "Hard", IF(E43<25%, "Easy", "Medium"))) -> Easy | E43: 0.05 | F43: D | G43: Word Problems | H43: How old is jane 1 ten years ago she was one third as old as she is
A44: =A43+1 -> 254 | B44: DS99502.01 | D44: =IF(E44>74%, "Very Hard", IF(E44>49%, "Hard", IF(E44<25%, "Easy", "Medium"))) -> Easy | E44: 0.05 | F44: A | G44: Word Problems | H44: What was the population of city x in 2002 1 x s population in
A45: =A44+1 -> 255 | B45: DS79502.01 | D45: =IF(E45>74%, "Very Hard", IF(E45>49%, "Hard", IF(E45<25%, "Easy", "Medium"))) -> Easy | E45: 0.05 | F45: C | G45: Geometry | H45: What is the perimeter of triangle abc 1 ab 16 inches 2 abc is
A46: =A45+1 -> 256 | B46: DS60602.01 | D46: =IF(E46>74%, "Very Hard", IF(E46>49%, "Hard", IF(E46<25%, "Easy", "Medium"))) -> Easy | E46: 0.05 | F46: E | G46: Geometry | H46: In the figure above is the shaded region a square region 1 abcd a
A47: =A46+1 -> 257 | B47: DS02602.01 | D47: =IF(E47>74%, "Very Hard", IF(E47>49%, "Hard", IF(E47<25%, "Easy", "Medium"))) -> Easy | E47: 0.05 | F47: A | G47: Geometry | H47: P is a particle on the circle shown above what is the length of the p
A48: =A47+1 -> 258 | B48: DS62602.01 | D48: =IF(E48>74%, "Very Hard", IF(E48>49%, "Hard", IF(E48<25%, "Easy", "Medium"))) -> Easy | E48: 0.15 | F48: A | G48: Geometry | H48: The figure above shows the floor plan and inside dimensions of the gro
A49: =A48+1 -> 259 | B49: DS82602.01 | D49: =IF(E49>74%, "Very Hard", IF(E49>49%, "Hard", IF(E49<25%, "Easy", "Medium"))) -> Medium | E49: 0.25 | F49: E | G49: Geometry | H49: The figure above shows the top of a circular cake with a slice removed
A50: =A49+1 -> 260 | B50: DS03602.01 | D50: =IF(E50>74%, "Very Hard", IF(E50>49%, "Hard", IF(E50<25%, "Easy", "Medium"))) -> Easy | E50: 0.15 | F50: A | G50: Geometry | H50: If three straight lines intersect at a point as shown in the figure ab
A51: =A50+1 -> 261 | B51: DS23602.01 | D51: =IF(E51>74%, "Very Hard", IF(E51>49%, "Hard", IF(E51<25%, "Easy", "Medium"))) -> Easy | E51: 0.05 | F51: E | G51: Geometry | H51: What is the distance between city a and city c
... A60: =A59+1 -> 270 | B60: DS14602.01 | D60: =IF(E60>74%, "Very Hard", IF(E60>49%, "Hard", IF(E60<25%, "Easy", "Medium"))) -> Easy | E60: 0.05 | F60: C | G60: Geometry | H60: It costs 2 250 to fill right circular cylindrical tank r with a certa
A61: =A60+1 -> 271 | B61: DS17700.02 | C61: New | D61: =IF(E61>74%, "Very Hard", IF(E61>49%, "Hard", IF(E61<25%, "Easy", "Medium"))) -> Very Hard | E61: 0.85 | F61: A | G61: Overlapping Sets | H61: The table shows the number of people who responded yes or no or d
A62: =A61+1 -> 272 | B62: DS39510.02 | C62: New | D62: =IF(E62>74%, "Very Hard", IF(E62>49%, "Hard", IF(E62<25%, "Easy", "Medium"))) -> Very Hard | E62: 0.95 | F62: A | G62: Arithmetic/Percent and Interest Problems/Word Problems | H62: An estimate of an actual data value has an error of p percent if p = |
A63: =A62+1 -> 273 | B63: DS97030.02 | C63: New | D63: =IF(E63>74%, "Very Hard", IF(E63>49%, "Hard", IF(E63<25%, "Easy", "Medium"))) -> Very Hard | E63: 0.75 | F63: C | G63: Word Problems | H63: Was Store K's profit last month at least 10 percent greater than its
A64: =A63+1 -> 274 | B64: DS12862 | C64: New | D64: =IF(E64>74%, "Very Hard", IF(E64>49%, "Hard", IF(E64<25%, "Easy", "Medium"))) -> Easy | E64: 0.15 | F64: D | G64: Geometry | H64: In the gure shown lines k and m are parallel to each other is x z
A65: =A64+1 -> 275 | B65: DS13097 | D65: =IF(E65>74%, "Very Hard", IF(E65>49%, "Hard", IF(E65<25%, "Easy", "Medium"))) -> Medium | E65: 0.35 | F65: C | G65: Coordinate Geometry | H65: If k and are lines in the xy plane is the slope of k less than the
A66: =A65+1 -> 276 | B66: DS73340.02 | C66: New | D66: =IF(E66>74%, "Very Hard", IF(E66>49%, "Hard", IF(E66<25%, "Easy", "Medium"))) -> Easy | E66: 0.15 | F66: A | G66: Inequalities/Percent and Interest Problems | H66: Is n less than 1? (1) n is less than 0.01 percent of 10000. (2) n is
A67: =A66+1 -> 277 | B67: DS18630.02 | C67: New | D67: =IF(E67>74%, "Very Hard", IF(E67>49%, "Hard", IF(E67<25%, "Easy", "Medium"))) -> Easy | E67: 0.15 | F67: A | G67: Word Problems | H67: Gross profit is equal to selling price minus cost. A car dealer's gros
A68: =A67+1 -> 278 | B68: DS09642 | D68: =IF(E68>74%, "Very Hard", IF(E68>49%, "Hard", IF(E68<25%, "Easy", "Medium"))) -> Medium | E68: 0.25 | F68: E | G68: Functions and Custom Characters/Word Problems | H68: When the wind speed is 9 miles per hour the wind chill factor w is
A69: =A68+1 -> 279 | B69: DS08852 | D69: =IF(E69>74%, "Very Hard", IF(E69>49%, "Hard", IF(E69<25%, "Easy", "Medium"))) -> Easy | E69: 0.05 | F69: D | G69: Geometry | H69: What is the volume of the cube above
A70: =A69+1 -> 280 | B70: DS03989 | D70: =IF(E70>74%, "Very Hard", IF(E70>49%, "Hard", IF(E70<25%, "Easy", "Medium"))) -> Medium | E70: 0.35 | F70: C | G70: Geometry | H70: In the figure shown quadrilateral abcd is inscribed in a circle of
A71: =A70+1 -> 281 | B71: DS05766 | D71: =IF(E71>74%, "Very Hard", IF(E71>49%, "Hard", IF(E71<25%, "Easy", "Medium"))) -> Medium | E71: 0.45 | F71: E | G71: Word Problems | H71: How many members of a certain legislature voted against the measure to
A72: =A71+1 -> 282 | B72: DS05986 | D72: =IF(E72>74%, "Very Hard", IF(E72>49%, "Hard", IF(E72<25%, "Easy", "Medium"))) -> Medium | E72: 0.35 | F72: A | G72: Absolute Values/Modulus | H72: If y 0 is x 1 1 x y y 2 x x
A73: =A72+1 -> 283 | B73: DS08306 | D73: =IF(E73>74%, "Very Hard", IF(E73>49%, "Hard", IF(E73<25%, "Easy", "Medium"))) -> Easy | E73: 0.15 | F73: D | G73: Algebra | H73: If x is a positive integer what is the value of x
A74: =A73+1 -> 284 | B74: DS07568 | D74: =IF(E74>74%, "Very Hard", IF(E74>49%, "Hard", IF(E74<25%, "Easy", "Medium"))) -> Medium | E74: 0.35 | F74: E | G74: Arithmetic/Number Properties/Statistics and Sets Problems | H74: Is the median of the five numbers a b c d e and e equal to d
A75: =A74+1 -> 285 | B75: DS10383 | D75: =IF(E75>74%, "Very Hard", IF(E75>49%, "Hard", IF(E75<25%, "Easy", "Medium"))) -> Medium | E75: 0.25 | F75: A | G75: Distance/Rate Problems | H75: During a certain bicycle ride was sherry s average speed faster than
A76: =A75+1 -> 286 | B76: DS13907 | D76: =IF(E76>74%, "Very Hard", IF(E76>49%, "Hard", IF(E76<25%, "Easy", "Medium"))) -> Medium | E76: 0.25 | F76: D | G76: Work/Rate Problems | H76: Working together rafael and salvador can tabulate a certain set of da
A77: =A76+1 -> 287 | B77: DS04039 | D77: =IF(E77>74%, "Very Hard", IF(E77>49%, "Hard", IF(E77<25%, "Easy", "Medium"))) -> Easy | E77: 0.05 | F77: C | G77: Algebra | H77: If x and y are integers what is the value of x
A78: =A77+1 -> 288 | B78: DS18386 | D78: =IF(E78>74%, "Very Hard", IF(E78>49%, "Hard", IF(E78<25%, "Easy", "Medium"))) -> Medium | E78: 0.45 | F78: D | G78: Geometry | H78: The figure above shows line l circle 1 with center at c1 and circle
A79: =A78+1 -> 289 | B79: DS15938 | D79: =IF(E79>74%, "Very Hard", IF(E79>49%, "Hard", IF(E79<25%, "Easy", "Medium"))) -> Hard | E79: 0.55 | F79: E | G79: Word Problems | H79: Yesterday between 9 00 a m and 6 00 p m at airport x all flights to
... A96: =A95+1 -> 306 | B96: DS19208 | D96: =IF(E96>74%, "Very Hard", IF(E96>49%, "Hard", IF(E96<25%, "Easy", "Medium"))) -> Medium | E96: 0.35 | F96: C | G96: Number Properties | H96: If p is a positive integer is 2 p 1 a prime number
A97: =A96+1 -> 307 | B97: DS60130.02 | C97: New | D97: =IF(E97>74%, "Very Hard", IF(E97>49%, "Hard", IF(E97<25%, "Easy", "Medium"))) -> Very Hard | E97: 0.95 | F97: C | G97: Overlapping Sets | H97: What percent of the students at University X are enrolled in a science
A98: =A97+1 -> 308 | B98: DS02741 | D98: =IF(E98>74%, "Very Hard", IF(E98>49%, "Hard", IF(E98<25%, "Easy", "Medium"))) -> Medium | E98: 0.25 | F98: D | G98: Coordinate Geometry | H98: In the xy-plane, point (r, s) lies on a circle with center at the origin
A99: =A98+1 -> 309 | B99: DS06368 | D99: =IF(E99>74%, "Very Hard", IF(E99>49%, "Hard", IF(E99<25%, "Easy", "Medium"))) -> Medium | E99: 0.25 | F99: E | G99: Number Properties | H99: If r s and t are nonzero integers is r 5 s 3 t 4 negative
A100: =A99+1 -> 310 | B100: DS13706 | D100: =IF(E100>74%, "Very Hard", IF(E100>49%, "Hard", IF(E100<25%, "Easy", "Medium"))) -> Hard | E100: 0.65 | F100: C | G100: Work/Rate Problems | H100: Each type a machine fills 400 cans per minute each type b machine fill
A101: =A100+1 -> 311 | B101: DS08660 | D101: =IF(E101>74%, "Very Hard", IF(E101>49%, "Hard", IF(E101<25%, "Easy", "Medium"))) -> Medium | E101: 0.45 | F101: C | G101: Algebra | H101: If a and b are constants what is the value of a
A102: =A101+1 -> 312 | B102: DS04474 | D102: =IF(E102>74%, "Very Hard", IF(E102>49%, "Hard", IF(E102<25%, "Easy", "Medium"))) -> Easy | E102: 0.15 | F102: A | G102: Algebra/Roots | H102: If x is a positive integer is x 1 2 an integer
A103: =A102+1 -> 313 | B103: DS16456 | D103: =IF(E103>74%, "Very Hard", IF(E103>49%, "Hard", IF(E103<25%, "Easy", "Medium"))) -> Easy | E103: 0.05 | F103: E | G103: Statistics and Sets Problems | H103: If p q x y and z are different positive integers which
A104: =A103+1 -> 314 | B104: DS16277 | D104: =IF(E104>74%, "Very Hard", IF(E104>49%, "Hard", IF(E104<25%, "Easy", "Medium"))) -> Easy | E104: 0.05 | F104: B | G104: Algebra | H104: If w z 28 what is the value of wz
A105: =A104+1 -> 315 | B105: DS02474 | D105: =IF(E105>74%, "Very Hard", IF(E105>49%, "Hard", IF(E105<25%, "Easy", "Medium"))) -> Medium | E105: 0.25 | F105: B | G105: Algebra/Fractions/Ratios/Decimals | H105: If abc 0 is a b c a b c
A106: =A105+1 -> 316 | B106: DS14471 | D106: =IF(E106>74%, "Very Hard", IF(E106>49%, "Hard", IF(E106<25%, "Easy", "Medium"))) -> Medium | E106: 0.35 | F106: C | G106: Statistics and Sets Problems | H106: The arithmetic mean of a collection of 5 positive integers not necess
A107: =A106+1 -> 317 | B107: DS11003 | D107: =IF(E107>74%, "Very Hard", IF(E107>49%, "Hard", IF(E107<25%, "Easy", "Medium"))) -> Medium | E107: 0.35 | F107: D | G107: Statistics and Sets Problems | H107: A certain list consists of 400 different numbers is the average
A108: =A107+1 -> 318 | B108: DS03678 | D108: =IF(E108>74%, "Very Hard", IF(E108>49%, "Hard", IF(E108<25%, "Easy", "Medium"))) -> Medium | E108: 0.45 | F108: A | G108: Percent and Interest Problems/Word Problems | H108: In a two month survey of shoppers each shopper bought one of two bran
A109: =A108+1 -> 319 | B109: DS15902 | D109: =IF(E109>74%, "Very Hard", IF(E109>49%, "Hard", IF(E109<25%, "Easy", "Medium"))) -> Hard | E109: 0.65 | F109: C | G109: Divisibility/Multiples/Factors | H109: If m and n are positive integers is m n divisible by
... A159: =A158+1 -> 369 | B159: DS13837 | D159: =IF(E159>74%, "Very Hard", IF(E159>49%, "Hard", IF(E159<25%, "Easy", "Medium"))) -> Very Hard | E159: 0.75 | F159: C | G159: Arithmetic/Divisibility/Multiples/Factors/Number Properties | H159: m and n are integers such that 6 m n what is the value of n
A160: =A159+1 -> 370 | B160: DS98530.02 | C160: New | D160: =IF(E160>74%, "Very Hard", IF(E160>49%, "Hard", IF(E160<25%, "Easy", "Medium"))) -> Very Hard | E160: 0.95 | F160: D | G160: Work/Rate Problems | H160: Machines K M and N each working alone at its constant rate produce
A161: =A160+1 -> 371 | B161: DS07575 | D161: =IF(E161>74%, "Very Hard", IF(E161>49%, "Hard", IF(E161<25%, "Easy", "Medium"))) -> Very Hard | E161: 0.95 | F161: A | G161: Distance/Rate Problems | H161: Stations x and y are connected by two separate straight
A162: =A161+1 -> 372 | B162: DS01613 | D162: =IF(E162>74%, "Very Hard", IF(E162>49%, "Hard", IF(E162<25%, "Easy", "Medium"))) -> Very Hard | E162: 0.95 | F162: B | G162: Coordinate Geometry | H162: In the xy-plane shown, the shaded region consists of all points
A163: =A162+1 -> 373 | B163: DS01685 | D163: =IF(E163>74%, "Very Hard", IF(E163>49%, "Hard", IF(E163<25%, "Easy", "Medium"))) -> Very Hard | E163: 0.75 | F163: B | G163: Number Properties | H163: If a and b are positive integers, is ³√ab an an integer?

Sheet Error Log
A1: GMAT Club Guide to The GMAT Official Guide Quantitative Review 2021
A2: Question | B2: Verbal/Quant | C2: Section | D2: Difficulty Level | E2: Percentile | F2: Category | G2: Your Answer | H2: Result | I2: Completed Time
A3: 1 | B3: Quant | C3: PS | D3: =IF($G3="","",PS!D3) | E3: =IF($G3="","",PS!E3) | F3: =IF($G3="","",PS!G3) | H3: =IF(G3="","NA",IF(G3=PS!F3, "Correct","Incorrect")) -> NA
A4: 2 | B4: Quant | C4: PS | D4: =IF($G4="","",PS!D4) | E4: =IF($G4="","",PS!E4) | F4: =IF($G4="","",PS!G4) | H4: =IF(G4="","NA",IF(G4=PS!F4, "Correct","Incorrect")) -> NA
A5: =A4+1 -> 3 | B5: Quant | C5: PS | D5: =IF($G5="","",PS!D5) | E5: =IF($G5="","",PS!E5) | F5: =IF($G5="","",PS!G5) | H5: =IF(G5="","NA",IF(G5=PS!F5, "Correct","Incorrect")) -> NA
A6: =A5+1 -> 4 | B6: Quant | C6: PS | D6: =IF($G6="","",PS!D6) | E6: =IF($G6="","",PS!E6) | F6: =IF($G6="","",PS!G6) | H6: =IF(G6="","NA",IF(G6=PS!F6, "Correct","Incorrect")) -> NA
A7: =A6+1 -> 5 | B7: Quant | C7: PS | D7: =IF($G7="","",PS!D7) | E7: =IF($G7="","",PS!E7) | F7: =IF($G7="","",PS!G7) | H7: =IF(G7="","NA",IF(G7=PS!F7, "Correct","Incorrect")) -> NA
A8: =A7+1 -> 6 | B8: Quant | C8: PS | D8: =IF($G8="","",PS!D8) | E8: =IF($G8="","",PS!E8) | F8: =IF($G8="","",PS!G8) | H8: =IF(G8="","NA",IF(G8=PS!F8, "Correct","Incorrect")) -> NA
A9: =A8+1 -> 7 | B9: Quant | C9: PS | D9: =IF($G9="","",PS!D9) | E9: =IF($G9="","",PS!E9) | F9: =IF($G9="","",PS!G9) | H9: =IF(G9="","NA",IF(G9=PS!F9, "Correct","Incorrect")) -> NA
A10: =A9+1 -> 8 | B10: Quant | C10: PS | D10: =IF($G10="","",PS!D10) | E10: =IF($G10="","",PS!E10) | F10: =IF($G10="","",PS!G10) | H10: =IF(G10="","NA",IF(G10=PS!F10, "Correct","Incorrect")) -> NA
A11: =A10+1 -> 9 | B11: Quant | C11: PS | D11: =IF($G11="","",PS!D11) | E11: =IF($G11="","",PS!E11) | F11: =IF($G11="","",PS!G11) | H11: =IF(G11="","NA",IF(G11=PS!F11, "Correct","Incorrect")) -> NA
A12: =A11+1 -> 10 | B12: Quant | C12: PS | D12: =IF($G12="","",PS!D12) | E12: =IF($G12="","",PS!E12) | F12: =IF($G12="","",PS!G12) | H12: =IF(G12="","NA",IF(G12=PS!F12, "Correct","Incorrect")) -> NA
A13: =A12+1 -> 11 | B13: Quant | C13: PS | D13: =IF($G13="","",PS!D13) | E13: =IF($G13="","",PS!E13) | F13: =IF($G13="","",PS!G13) | H13: =IF(G13="","NA",IF(G13=PS!F13, "Correct","Incorrect")) -> NA
A14: =A13+1 -> 12 | B14: Quant | C14: PS | D14: =IF($G14="","",PS!D14) | E14: =IF($G14="","",PS!E14) | F14: =IF($G14="","",PS!G14) | H14: =IF(G14="","NA",IF(G14=PS!F14, "Correct","Incorrect")) -> NA
A15: =A14+1 -> 13 | B15: Quant | C15: PS | D15: =IF($G15="","",PS!D15) | E15: =IF($G15="","",PS!E15) | F15: =IF($G15="","",PS!G15) | H15: =IF(G15="","NA",IF(G15=PS!F15, "Correct","Incorrect")) -> NA
A16: =A15+1 -> 14 | B16: Quant | C16: PS | D16: =IF($G16="","",PS!D16) | E16: =IF($G16="","",PS!E16) | F16: =IF($G16="","",PS!G16) | H16: =IF(G16="","NA",IF(G16=PS!F16, "Correct","Incorrect")) -> NA
... A38: =A37+1 -> 36 | B38: Quant | C38: PS | D38: =IF($G38="","",PS!D38) | E38: =IF($G38="","",PS!E38) | F38: =IF($G38="","",PS!G38) | H38: =IF(G38="","NA",IF(G38=PS!F38, "Correct","Incorrect")) -> NA
A39: =A38+1 -> 37 | B39: Quant | C39: PS | D39: =IF($G39="","",PS!D39) -> Easy | E39: =IF($G39="","",PS!E39) -> 0.05 | F39: =IF($G39="","",PS!G39) -> Word Problems | G39: A | H39: =IF(G39="","NA",IF(G39=PS!F39, "Correct","Incorrect")) -> Correct
A40: =A39+1 -> 38 | B40: Quant | C40: PS | D40: =IF($G40="","",PS!D40) | E40: =IF($G40="","",PS!E40) | F40: =IF($G40="","",PS!G40) | H40: =IF(G40="","NA",IF(G40=PS!F40, "Correct","Incorrect")) -> NA
A41: =A40+1 -> 39 | B41: Quant | C41: PS | D41: =IF($G41="","",PS!D41) | E41: =IF($G41="","",PS!E41) | F41: =IF($G41="","",PS!G41) | H41: =IF(G41="","NA",IF(G41=PS!F41, "Correct","Incorrect")) -> NA
A42: =A41+1 -> 40 | B42: Quant | C42: PS | D42: =IF($G42="","",PS!D42) | E42: =IF($G42="","",PS!E42) | F42: =IF($G42="","",PS!G42) | H42: =IF(G42="","NA",IF(G42=PS!F42, "Correct","Incorrect")) -> NA
A43: =A42+1 -> 41 | B43: Quant | C43: PS | D43: =IF($G43="","",PS!D43) | E43: =IF($G43="","",PS!E43) | F43: =IF($G43="","",PS!G43) | H43: =IF(G43="","NA",IF(G43=PS!F43, "Correct","Incorrect")) -> NA
A44: =A43+1 -> 42 | B44: Quant | C44: PS | D44: =IF($G44="","",PS!D44) | E44: =IF($G44="","",PS!E44) | F44: =IF($G44="","",PS!G44) | H44: =IF(G44="","NA",IF(G44=PS!F44, "Correct","Incorrect")) -> NA
A45: =A44+1 -> 43 | B45: Quant | C45: PS | D45: =IF($G45="","",PS!D45) | E45: =IF($G45="","",PS!E45) | F45: =IF($G45="","",PS!G45) | H45: =IF(G45="","NA",IF(G45=PS!F45, "Correct","Incorrect")) -> NA
A46: =A45+1 -> 44 | B46: Quant | C46: PS | D46: =IF($G46="","",PS!D46) | E46: =IF($G46="","",PS!E46) | F46: =IF($G46="","",PS!G46) | H46: =IF(G46="","NA",IF(G46=PS!F46, "Correct","Incorrect")) -> NA
A47: =A46+1 -> 45 | B47: Quant | C47: PS | D47: =IF($G47="","",PS!D47) | E47: =IF($G47="","",PS!E47) | F47: =IF($G47="","",PS!G47) | H47: =IF(G47="","NA",IF(G47=PS!F47, "Correct","Incorrect")) -> NA
A48: =A47+1 -> 46 | B48: Quant | C48: PS | D48: =IF($G48="","",PS!D48) | E48: =IF($G48="","",PS!E48) | F48: =IF($G48="","",PS!G48) | H48: =IF(G48="","NA",IF(G48=PS!F48, "Correct","Incorrect")) -> NA
A49: =A48+1 -> 47 | B49: Quant | C49: PS | D49: =IF($G49="","",PS!D49) | E49: =IF($G49="","",PS!E49) | F49: =IF($G49="","",PS!G49) | H49: =IF(G49="","NA",IF(G49=PS!F49, "Correct","Incorrect")) -> NA
A50: =A49+1 -> 48 | B50: Quant | C50: PS | D50: =IF($G50="","",PS!D50) | E50: =IF($G50="","",PS!E50) | F50: =IF($G50="","",PS!G50) | H50: =IF(G50="","NA",IF(G50=PS!F50, "Correct","Incorrect")) -> NA
A51: =A50+1 -> 49 | B51: Quant | C51: PS | D51: =IF($G51="","",PS!D51) | E51: =IF($G51="","",PS!E51) | F51: =IF($G51="","",PS!G51) | H51: =IF(G51="","NA",IF(G51=PS!F51, "Correct","Incorrect")) -> NA
... A214: =A213+1 -> 212 | B214: Quant | C214: PS | D214: =IF($G214="","",PS!D214) | E214: =IF($G214="","",PS!E214) | F214: =IF($G214="","",PS!G214) | H214: =IF(G214="","NA",IF(G214=PS!F214, "Correct","Incorrect")) -> NA
A215: =A214+1 -> 213 | B215: Quant | C215: DS | D215: =IF($G215="","",DS!D3) | E215: =IF($G215="","",DS!E3) | F215: =IF($G215="","",DS!G3) | H215: =IF(G215="","NA",IF(G215=DS!F3, "Correct","Incorrect")) -> NA
A216: =A215+1 -> 214 | B216: Quant | C216: DS | D216: =IF($G216="","",DS!D4) | E216: =IF($G216="","",DS!E4) | F216: =IF($G216="","",DS!G4) | H216: =IF(G216="","NA",IF(G216=DS!F4, "Correct","Incorrect")) -> NA
A217: =A216+1 -> 215 | B217: Quant | C217: DS | D217: =IF($G217="","",DS!D5) | E217: =IF($G217="","",DS!E5) | F217: =IF($G217="","",DS!G5) | H217: =IF(G217="","NA",IF(G217=DS!F5, "Correct","Incorrect")) -> NA
A218: =A217+1 -> 216 | B218: Quant | C218: DS | D218: =IF($G218="","",DS!D6) | E218: =IF($G218="","",DS!E6) | F218: =IF($G218="","",DS!G6) | H218: =IF(G218="","NA",IF(G218=DS!F6, "Correct","Incorrect")) -> NA
A219: =A218+1 -> 217 | B219: Quant | C219: DS | D219: =IF($G219="","",DS!D7) | E219: =IF($G219="","",DS!E7) | F219: =IF($G219="","",DS!G7) | H219: =IF(G219="","NA",IF(G219=DS!F7, "Correct","Incorrect")) -> NA
A220: =A219+1 -> 218 | B220: Quant | C220: DS | D220: =IF($G220="","",DS!D8) | E220: =IF($G220="","",DS!E8) | F220: =IF($G220="","",DS!G8) | H220: =IF(G220="","NA",IF(G220=DS!F8, "Correct","Incorrect")) -> NA
A221: =A220+1 -> 219 | B221: Quant | C221: DS | D221: =IF($G221="","",DS!D9) | E221: =IF($G221="","",DS!E9) | F221: =IF($G221="","",DS!G9) | H221: =IF(G221="","NA",IF(G221=DS!F9, "Correct","Incorrect")) -> NA
A222: =A221+1 -> 220 | B222: Quant | C222: DS | D222: =IF($G222="","",DS!D10) | E222: =IF($G222="","",DS!E10) | F222: =IF($G222="","",DS!G10) | H222: =IF(G222="","NA",IF(G222=DS!F10, "Correct","Incorrect")) -> NA
A223: =A222+1 -> 221 | B223: Quant | C223: DS | D223: =IF($G223="","",DS!D11) | E223: =IF($G223="","",DS!E11) | F223: =IF($G223="","",DS!G11) | H223: =IF(G223="","NA",IF(G223=DS!F11, "Correct","Incorrect")) -> NA
A224: =A223+1 -> 222 | B224: Quant | C224: DS | D224: =IF($G224="","",DS!D12) | E224: =IF($G224="","",DS!E12) | F224: =IF($G224="","",DS!G12) | H224: =IF(G224="","NA",IF(G224=DS!F12, "Correct","Incorrect")) -> NA
A225: =A224+1 -> 223 | B225: Quant | C225: DS | D225: =IF($G225="","",DS!D13) | E225: =IF($G225="","",DS!E13) | F225: =IF($G225="","",DS!G13) | H225: =IF(G225="","NA",IF(G225=DS!F13, "Correct","Incorrect")) -> NA
A226: =A225+1 -> 224 | B226: Quant | C226: DS | D226: =IF($G226="","",DS!D14) | E226: =IF($G226="","",DS!E14) | F226: =IF($G226="","",DS!G14) | H226: =IF(G226="","NA",IF(G226=DS!F14, "Correct","Incorrect")) -> NA
... A375: =A374+1 -> 373 | B375: Quant | C375: DS | D375: =IF($G375="","",DS!D163) | E375: =IF($G375="","",DS!E163) | F375: =IF($G375="","",DS!G163) | H375: =IF(G375="","NA",IF(G375=DS!F163, "Correct","Incorrect")) -> NA

Sheet Analysis
A1: GMAT Club Guide to The GMAT Official Guide Quantitative Review 2021
A3: Table 1. Analysis Table with General Information | AF3: Difficult level | AG3: Answer Choice | AH3: Section | AI3: Timer precise
AF4: Easy | AG4: A | AH4: PS | AI4: 0
A5: Section | B5: Sub-Section | C5: Result | G5: Your avg. Time | AF5: Medium | AG5: B | AH5: DS | AI5: 1
C6: Correct | D6: Incorrect | E6: NA | F6: Grand Total | AF6: Hard | AG6: C | AH6: RC
A7: Quant | B7: PS | C7: =COUNTIFS('Error Log'!$H$3:$H$375,C$6,'Error Log'!$C$3:$C$375,$B7) -> 1 | D7: =COUNTIFS('Error Log'!$H$3:$H$375,D$6,'Error Log'!$C$3:$C$375,$B7) -> 0 | E7: =COUNTIFS('Error Log'!$H$3:$H$375,E$6,'Error Log'!$C$3:$C$375,$B7) -> 211 | F7: =SUM(C7:E7) -> 212 | G7: =IFERROR(AVERAGEIFS('Error Log'!$I$3:$I$302,'Error Log'!$C$3:$C$375,Analysis!B7,'Error Log'!$G$3:$G$302,"<>"),0) -> 0 | AF7: Very Hard | AG7: D | AH7: CR
B8: DS | C8: =COUNTIFS('Error Log'!$H$3:$H$375,C$6,'Error Log'!$C$3:$C$375,$B8) -> 0 | D8: =COUNTIFS('Error Log'!$H$3:$H$375,D$6,'Error Log'!$C$3:$C$375,$B8) -> 0 | E8: =COUNTIFS('Error Log'!$H$3:$H$375,E$6,'Error Log'!$C$3:$C$375,$B8) -> 161 | F8: =SUM(C8:E8) -> 161 | G8: =IFERROR(AVERAGEIFS('Error Log'!$I$3:$I$302,'Error Log'!$C$3:$C$375,Analysis!B8,'Error Log'!$G$3:$G$302,"<>"),0) -> 0 | AF8: N/A | AG8: E | AH8: SC
A9: Quant Total | C9: =SUM(C7:C8) -> 1 | D9: =SUM(D7:D8) -> 0 | E9: =SUM(E7:E8) -> 372 | F9: =SUM(C9:E9) -> 373 | G9: =IFERROR(AVERAGEIFS('Error Log'!$I$3:$I$302,'Error Log'!$B$3:$B$302,"Quant",'Error Log'!$G$3:$G$302,"<>"),0) -> 0 | AH9: Practice
A12: Figure 2.
A33: Table 3. Analysis table with difficult level
A35: Section | B35: Sub-Section | C35: Difficult Level | D35: Result | G35: Grand Total | H35: Your avg. Time
D36: Correct | E36: Incorrect | F36: NA
A37: Quant | B37: PS | C37: Easy | D37: =COUNTIFS('Error Log'!$H$3:$H$375,D$36,'Error Log'!$C$3:$C$375,$B$37,'Error Log'!$D$3:$D$375,$C37) -> 1 | E37: =COUNTIFS('Error Log'!$H$3:$H$375,E$36,'Error Log'!$C$3:$C$375,$B$37,'Error Log'!$D$3:$D$375,C37) -> 0 | F37: =COUNTIFS('Error Log'!$H$3:$H$375,F$36,'Error Log'!$C$3:$C$375,$B$37,'Error Log'!$D$3:$D$375,C37) -> 0 | G37: =SUM(D37:F37) -> 1 | H37: =IFERROR(AVERAGEIFS('Error Log'!$I$3:$I$302,'Error Log'!$C$3:$C$375,Analysis!B37,'Error Log'!$G$3:$G$302,"<>",'Error Log'!$D$3:$D$375,C37),0) -> 0
C38: Medium | D38: =COUNTIFS('Error Log'!$H$3:$H$375,D$36,'Error Log'!$C$3:$C$375,$B$37,'Error Log'!$D$3:$D$375,$C38) -> 0 | E38: =COUNTIFS('Error Log'!$H$3:$H$375,E$36,'Error Log'!$C$3:$C$375,$B$37,'Error Log'!$D$3:$D$375,C38) -> 0 | F38: =COUNTIFS('Error Log'!$H$3:$H$375,F$36,'Error Log'!$C$3:$C$375,$B$37,'Error Log'!$D$3:$D$375,C38) -> 0 | G38: =SUM(D38:F38) -> 0 | H38: =IFERROR(AVERAGEIFS('Error Log'!$I$3:$I$302,'Error Log'!$C$3:$C$375,Analysis!B37,'Error Log'!$G$3:$G$302,"<>",'Error Log'!$D$3:$D$375,C38),0) -> 0
C39: Hard | D39: =COUNTIFS('Error Log'!$H$3:$H$375,D$36,'Error Log'!$C$3:$C$375,$B$37,'Error Log'!$D$3:$D$375,$C39) -> 0 | E39: =COUNTIFS('Error Log'!$H$3:$H$375,E$36,'Error Log'!$C$3:$C$375,$B$37,'Error Log'!$D$3:$D$375,C39) -> 0 | F39: =COUNTIFS('Error Log'!$H$3:$H$375,F$36,'Error Log'!$C$3:$C$375,$B$37,'Error Log'!$D$3:$D$375,C39) -> 0 | G39: =SUM(D39:F39) -> 0 | H39: =IFERROR(AVERAGEIFS('Error Log'!$I$3:$I$302,'Error Log'!$C$3:$C$375,Analysis!B37,'Error Log'!$G$3:$G$302,"<>",'Error Log'!$D$3:$D$375,C39),0) -> 0
C40: Very Hard | D40: =COUNTIFS('Error Log'!$H$3:$H$375,D$36,'Error Log'!$C$3:$C$375,$B$37,'Error Log'!$D$3:$D$375,$C40) -> 0 | E40: =COUNTIFS('Error Log'!$H$3:$H$375,E$36,'Error Log'!$C$3:$C$375,$B$37,'Error Log'!$D$3:$D$375,C40) -> 0 | F40: =COUNTIFS('Error Log'!$H$3:$H$375,F$36,'Error Log'!$C$3:$C$375,$B$37,'Error Log'!$D$3:$D$375,C40) -> 0 | G40: =SUM(D40:F40) -> 0 | H40: =IFERROR(AVERAGEIFS('Error Log'!$I$3:$I$302,'Error Log'!$C$3:$C$375,Analysis!B37,'Error Log'!$G$3:$G$302,"<>",'Error Log'!$D$3:$D$375,C40),0) -> 0
C41: N/A | D41: =COUNTIFS('Error Log'!$H$3:$H$375,D$36,'Error Log'!$C$3:$C$375,$B$37,'Error Log'!$D$3:$D$375,$C41) -> 0 | E41: =COUNTIFS('Error Log'!$H$3:$H$375,E$36,'Error Log'!$C$3:$C$375,$B$37,'Error Log'!$D$3:$D$375,C41) -> 0 | F41: =COUNTIFS('Error Log'!$H$3:$H$375,F$36,'Error Log'!$C$3:$C$375,$B$37,'Error Log'!$D$3:$D$375,C41) -> 0 | G41: =SUM(D41:F41) -> 0 | H41: =IFERROR(AVERAGEIFS('Error Log'!$I$3:$I$302,'Error Log'!$C$3:$C$375,Analysis!B37,'Error Log'!$G$3:$G$302,"<>",'Error Log'!$D$3:$D$375,C41),0) -> 0
B42: DS | C42: Easy | D42: =COUNTIFS('Error Log'!$H$3:$H$375,D$36,'Error Log'!$C$3:$C$375,B42,'Error Log'!$D$3:$D$375,$C42) -> 0 | E42: =COUNTIFS('Error Log'!$H$3:$H$375,E$36,'Error Log'!$C$3:$C$375,$B$42,'Error Log'!$D$3:$D$375,$C42) -> 0 | F42: =COUNTIFS('Error Log'!$H$3:$H$375,F$36,'Error Log'!$C$3:$C$375,$B$42,'Error Log'!$D$3:$D$375,$C42) -> 0 | G42: =SUM(D42:F42) -> 0 | H42: =IFERROR(AVERAGEIFS('Error Log'!$I$3:$I$302,'Error Log'!$C$3:$C$375,Analysis!B42,'Error Log'!$G$3:$G$302,"<>",'Error Log'!$D$3:$D$375,C42),0) -> 0
C43: Medium | D43: =COUNTIFS('Error Log'!$H$3:$H$375,D$36,'Error Log'!$C$3:$C$375,B43,'Error Log'!$D$3:$D$375,$C43) -> 0 | E43: =COUNTIFS('Error Log'!$H$3:$H$375,E$36,'Error Log'!$C$3:$C$375,$B$42,'Error Log'!$D$3:$D$375,$C43) -> 0 | F43: =COUNTIFS('Error Log'!$H$3:$H$375,F$36,'Error Log'!$C$3:$C$375,$B$42,'Error Log'!$D$3:$D$375,$C43) -> 0 | G43: =SUM(D43:F43) -> 0 | H43: =IFERROR(AVERAGEIFS('Error Log'!$I$3:$I$302,'Error Log'!$C$3:$C$375,Analysis!B42,'Error Log'!$G$3:$G$302,"<>",'Error Log'!$D$3:$D$375,C43),0) -> 0
C44: Hard | D44: =COUNTIFS('Error Log'!$H$3:$H$375,D$36,'Error Log'!$C$3:$C$375,B44,'Error Log'!$D$3:$D$375,$C44) -> 0 | E44: =COUNTIFS('Error Log'!$H$3:$H$375,E$36,'Error Log'!$C$3:$C$375,$B$42,'Error Log'!$D$3:$D$375,$C44) -> 0 | F44: =COUNTIFS('Error Log'!$H$3:$H$375,F$36,'Error Log'!$C$3:$C$375,$B$42,'Error Log'!$D$3:$D$375,$C44) -> 0 | G44: =SUM(D44:F44) -> 0 | H44: =IFERROR(AVERAGEIFS('Error Log'!$I$3:$I$302,'Error Log'!$C$3:$C$375,Analysis!B42,'Error Log'!$G$3:$G$302,"<>",'Error Log'!$D$3:$D$375,C44),0) -> 0
C45: Very Hard | D45: =COUNTIFS('Error Log'!$H$3:$H$375,D$36,'Error Log'!$C$3:$C$375,B45,'Error Log'!$D$3:$D$375,$C45) -> 0 | E45: =COUNTIFS('Error Log'!$H$3:$H$375,E$36,'Error Log'!$C$3:$C$375,$B$42,'Error Log'!$D$3:$D$375,$C45) -> 0 | F45: =COUNTIFS('Error Log'!$H$3:$H$375,F$36,'Error Log'!$C$3:$C$375,$B$42,'Error Log'!$D$3:$D$375,$C45) -> 0 | G45: =SUM(D45:F45) -> 0 | H45: =IFERROR(AVERAGEIFS('Error Log'!$I$3:$I$302,'Error Log'!$C$3:$C$375,Analysis!B42,'Error Log'!$G$3:$G$302,"<>",'Error Log'!$D$3:$D$375,C45),0) -> 0
C46: N/A | D46: =COUNTIFS('Error Log'!$H$3:$H$375,D$36,'Error Log'!$C$3:$C$375,B46,'Error Log'!$D$3:$D$375,$C46) -> 0 | E46: =COUNTIFS('Error Log'!$H$3:$H$375,E$36,'Error Log'!$C$3:$C$375,$B$42,'Error Log'!$D$3:$D$375,$C46) -> 0 | F46: =COUNTIFS('Error Log'!$H$3:$H$375,F$36,'Error Log'!$C$3:$C$375,$B$42,'Error Log'!$D$3:$D$375,$C46) -> 0 | G46: =SUM(D46:F46) -> 0 | H46: =IFERROR(AVERAGEIFS('Error Log'!$I$3:$I$302,'Error Log'!$C$3:$C$375,Analysis!B42,'Error Log'!$G$3:$G$302,"<>",'Error Log'!$D$3:$D$375,C46),0) -> 0
A47: Quant Total | D47: =SUM(D37:D46) -> 1 | E47: =SUM(E37:E46) -> 0 | F47: =SUM(F37:F46) -> 0 | G47: =SUM(G37:G46) -> 1 | H47: =IFERROR(AVERAGEIFS('Error Log'!$I$3:$I$302,'Error Log'!$B$3:$B$302,"Quant",'Error Log'!$G$3:$G$302,"<>"),0) -> 0
